 Dungeon Crawl Stone Soup version 0.27.1-33-g824d729ab1 (webtiles) character file.

Game seed: 18273962519240898502

470 Matchingsocks the Conjurer (level 7, -2/46 HPs)
             Began as a Formicid Earth Elementalist on Dec 3, 2021.
             Slain by Crazy Yiuf (15 damage)
             ... on level 4 of the Dungeon.
             The game lasted 00:23:39 (5148 turns).

Matchingsocks the Conjurer (FoEE)                   Turns: 5148, Time: 00:23:40

Health: -2/46      AC:  3    Str: 13    XL:     7   Next: 31%
Magic:  17/20      EV: 21    Int: 16    God:
Gold:   128        SH:  0    Dex: 11    Spells: 7/11 levels left

rFire    . . .     SeeInvis +   l - +4 club (spect)
rCold    . . .     Faith    .   (no shield)
rNeg     . . .     Spirit   .   b - +0 robe
rPois    .         Reflect  .   (helmet unavailable)
rElec    .         Harm     .   (no cloak)
rCorr    .         Rampage  .   u - +0 pair of gloves
Will     .....                  (no boots)
Stlth    ++........             (no amulet)
HPRegen  0.15/turn              g - ring of magical power
MPRegen  0.17/turn              f - +4 ring of evasion

@: agile, lethally poisoned (-2 -> -8), studying Conjurations
A: permanent stasis, dig shafts and tunnels, antennae 3, four strong arms
a: Dig, Shaft Self


You were on level 4 of the Dungeon.
You visited 1 branch of the dungeon, and saw 4 of its levels.

You collected 128 gold pieces.

Inventory:

Hand Weapons
 l - a +4 spectral club (weapon)
 m - a +0 quarterstaff
 x - a +0 quarterstaff of holy wrath
Missiles
 q - 22 sling bullets
 r - 18 stones
 w - 32 poisoned darts
Armour
 b - a +0 robe (worn)
 e - a +0 leather armour
 u - a +0 pair of gloves (worn)
Magical Staves
 s - a staff of fire
Jewellery
 f - a +4 ring of evasion (right hand)
 g - a ring of magical power (left hand)
 p - a ring of positive energy
Scrolls
 c - a scroll of immolation {unknown}
 h - a scroll of magic mapping {unknown}
 j - 3 scrolls of teleportation {unknown}
 k - a scroll of noise {unknown}
 o - 3 scrolls of identify {unknown}
 t - a scroll of fear {unknown}
 v - a scroll of enchant weapon {unknown}
 y - a scroll of vulnerability {unknown}
Potions
 a - 2 potions of attraction {unknown}
 d - a potion of ambrosia {unknown}
 i - a potion of mutation {unknown}
 n - 4 potions of degeneration {unknown}
 z - a potion of curing {unknown}


   Skills:
 + Level 1.2 Armour
 - Level 1.7 Dodging
 - Level 2.4 Stealth
 - Level 2.9 Spellcasting
 * Level 6.0 Conjurations
 - Level 1.1 Transmutations
 - Level 5.6 Earth Magic
 + Level 1.3 Evocations


You had 7 spell levels left.
You knew the following spells:

 Your Spells              Type           Power      Damage    Failure   Level
a - Sandblast             Erth           40%        2d10      1%          1
b - Stone Arrow           Conj/Erth      42%        3d9       5%          3

Your spell library contained the following spells:

 Spells                   Type           Power      Damage    Failure   Level
 Shock                    Conj/Air       44%        1d5       5%          1
 Passwall                 Tmut/Erth      10%        N/A       7%          2
 Petrify                  Tmut/Erth      13%        N/A       43%         4
 Airstrike                Air            1%         N/A       88%         4
 Swiftness                Air            Unusable   N/A       N/A         3

Dungeon Overview and Level Annotations

Branches:
Dungeon (4/15)
 Temple: D:4-7

Altars:
Elyvilon

Shops:
D:4 *

Annotations:
D:2 Sigmund
D:4 Crazy Yiuf


Innate Abilities, Weirdness & Mutations

You cannot be hasted, slowed, berserked, paralysed or teleported.
You can dig through walls and to a lower floor.
You have a pair of large antennae on your head. (SInv)
Your four strong arms can wield two-handed weapons with a shield.


Message History

Casting: Sandblast (safe; 1% risk of failure)
Confirm with . or Enter, or press ? or * to list all spells.
Aiming: Sandblast (safe; 1% risk of failure)
Press: ? - help, Shift-Dir - straight line, f - Crazy Yiuf
Aim: Crazy Yiuf, wielding a +4 quarterstaff of chaos and wearing a +2 cloak (83% to hit)
The blast of sand misses Crazy Yiuf.
Casting: Sandblast (safe; 1% risk of failure)
Confirm with . or Enter, or press ? or * to list all spells.
Aiming: Sandblast (safe; 1% risk of failure)
Press: ? - help, Shift-Dir - straight line, f/p - Crazy Yiuf
Aim: Crazy Yiuf, wielding a +4 quarterstaff of chaos and wearing a +2 cloak (83% to hit)
The blast of sand hits Crazy Yiuf.
Crazy Yiuf is lightly wounded.
Crazy Yiuf hits you with a +4 quarterstaff of chaos!
You feel agile all of a sudden.
You barely miss Crazy Yiuf.
Crazy Yiuf is lightly wounded.
Crazy Yiuf hits you with a +4 quarterstaff of chaos!
You are poisoned.
You hit Crazy Yiuf.
Crazy Yiuf is moderately wounded.
You feel very sick. Crazy Yiuf misses you.
Casting: Sandblast (safe; 1% risk of failure)
Confirm with . or Enter, or press ? or * to list all spells.
Aiming: Sandblast (safe; 1% risk of failure)
Press: ? - help, Shift-Dir - straight line, f/p - Crazy Yiuf
Aim: Crazy Yiuf, wielding a +4 quarterstaff of chaos and wearing a +2 cloak (moderately wounded, 83% to hit)
The blast of sand hits Crazy Yiuf but does no damage.
Crazy Yiuf is moderately wounded.
You feel sick. Crazy Yiuf barely misses you.
Casting: Sandblast (safe; 1% risk of failure)
Confirm with . or Enter, or press ? or * to list all spells.
Aiming: Sandblast (safe; 1% risk of failure)
Press: ? - help, Shift-Dir - straight line, f/p - Crazy Yiuf
Aim: Crazy Yiuf, wielding a +4 quarterstaff of chaos and wearing a +2 cloak (moderately wounded, 83% to hit)
The blast of sand misses Crazy Yiuf.
You feel sick.
Crazy Yiuf flaps his cloak.
Crazy Yiuf hits you with a +4 quarterstaff of chaos!
You die...

######## ###
###.#....##
#)).##).#......##
#...g@####......#
#)))###
##.....##### ###
####..#...#
#......# #.#....#
##.#....#
#..##...#
#..##...#
#...#.#>##


You could see Crazy Yiuf.

Vanquished Creatures
  A centaur (D:4)
  A phantom (D:4)
  A scorpion (D:4)
  2 orc priests (D:4)
  An iguana (D:4)
  Jessica (D:2)
  An orc wizard (D:4)
  Robin (D:1)
  2 adders (D:4)
  2 worms
  10 orcs (D:4)
  7 endoplasms
  3 giant cockroaches
  14 goblins
  7 hobgoblins
  3 jackals (D:1)
  3 quokkas
  2 ball pythons
  3 bats
  2 frilled lizards
  9 kobolds
  3 rats
79 creatures vanquished.

Notes
Turn   | Place    | Note
-------+----------+-------------------------------------------
     0 | D:1      | Matchingsocks the Formicid Earth Elementalist began the
                  | quest for the Orb.
     0 | D:1      | Reached XP level 1. HP: 13/13 MP: 3/3
   359 | D:1      | Found a faded altar of an unknown god.
   366 | D:1      | Reached XP level 2. HP: 19/19 MP: 1/5
   891 | D:1      | Reached XP level 3. HP: 19/24 MP: 6/6
   956 | D:1      | Reached skill level 5 in Earth Magic
  1457 | D:2      | Noticed Robin
  2029 | D:1      | Killed Robin
  2030 | D:1      | Reached XP level 4. HP: 24/30 MP: 7/7
  2162 | D:2      | Noticed Sigmund
  2515 | D:2      | Noticed Jessica
  2518 | D:2      | Killed Jessica
  2519 | D:2      | Reached skill level 1 in Armour
  2933 | D:2      | Learned a level 3 spell: Stone Arrow
  3401 | D:3      | Reached XP level 5. HP: 35/35 MP: 9/9
  3442 | D:3      | Found a white marble altar of Elyvilon.
  4037 | D:4      | Found Kipsaipp's Assorted Antiques.
  4328 | D:4      | Reached skill level 1 in Conjurations
  4612 | D:4      | Noticed a phantom
  4623 | D:4      | Reached skill level 2 in Conjurations
  4627 | D:4      | Killed a phantom
  4628 | D:4      | Reached skill level 3 in Conjurations
  4628 | D:4      | Reached XP level 6. HP: 30/41 MP: 10/10
  4737 | D:4      | Reached skill level 1 in Evocations
  4741 | D:4      | Reached skill level 4 in Conjurations
  4741 | D:4      | Reached XP level 7. HP: 31/46 MP: 10/11
  4782 | D:4      | Reached skill level 5 in Conjurations
  4941 | D:4      | Reached skill level 6 in Conjurations
  5138 | D:4      | Found a runed translucent door.
  5139 | D:4      | Noticed Crazy Yiuf
  5148 | D:4      | Slain by Crazy Yiuf

Illustrated notes

Levels and vault maps discovered:
D:1:      lemuel_arrival_broad_hall, layout_basic,
          hellmonk_ecumenical_altar_pennies_from_heaven, serial_aquarium,
          aquarium_bridge_long_joined [aquarium_subvault_window,
          aquarium_subvault_bridge, aquarium_subvault_bridge,
          aquarium_subvault_window, aquarium_subvault_bridge,
          aquarium_subvault_wall], aquarium_window_corridor_1,
          aquarium_window_fake, aquarium_window_corner, aquarium_view_2c,
          aquarium_view_2a, aquarium_pool_four
D:2:      layout_rooms, grunt_ministairs_9, minmay_statues_item, uniq_jessica,
          uniq_sigmund, uniq_robin
D:3:      layout_loops_ring, old_standard_altar
D:4:      layout_rooms, skrybe_limestone_x, amethyst_killhole,
          nicolae_stop_n_shop_1, minmay_manual_mess, uniq_crazy_yiuf_cottage

Skill      XL: |  1  2  3  4  5  6  7 |
---------------+----------------------+-----
Earth Magic    | 4 5 |  5.6
Armour         | 1 |  1.2
Conjurations   | 3 4 6 |  6.0
Evocations     | 1 |  1.3
Dodging        | |  1.7
Stealth        | |  2.4
Spellcasting   | |  2.9
Transmutations | |  1.1

Action                   |  1- 3 |  4- 6 |  7- 9 || total
-------------------------+-------+-------+-------++-------
Melee: Unarmed           |     6 |       |       ||     6
       Club              |       |     8 |     2 ||    10
 Cast: Sandblast         |    48 |    53 |    29 ||   130
       Stone Arrow       |       |     4 |       ||     4
Armor: Robe              |     8 |     8 |       ||    16
Dodge: Dodged            |    24 |    42 |     9 ||    75
